 Dungeon Crawl Stone Soup version 0.30-a0-125-g51eefa89be (webtiles) character file.

Game seed: 16527152736880221510

14746 ragingrage the Reanimator (level 11, -5/82 HPs)
             Began as a Demonspawn Cinder Acolyte on Sept 18, 2022.
             Was a High Priest of Ignis.
             Shot with a bolt by a yaktaur (24 damage)
             ... on level 11 of the Dungeon.
             The game lasted 00:23:00 (16906 turns).

ragingrage the Reanimator (DsCA)                   Turns: 16906, Time: 00:23:01

Health: -5/82      AC: 17    Str: 16    XL:     11   Next: 92%
Magic:  21/21      EV: 11    Int: 18    God:    Ignis [*****.]
Gold:   900        SH:  0    Dex: 12    Spells: 7/24 levels left

rFire   + + .      SeeInvis +    b - +8 longbow "Zephyr" {speed, Dex+3 SInv}
rCold   + . .      Faith    .    (shield currently unavailable)
rNeg    . . .      Spirit   .    C - +3 leather armour
rPois   .          Reflect  .    (helmet restricted)
rElec   .          Harm     .    E - scarf {rC+ rF+}
rCorr   .          Rampage  .    G - +0 pair of gloves
Will    .....                    s - +0 pair of boots
Stlth   +.........               p - amulet of magic regeneration
HPRegen 0.23/turn                (no ring)
MPRegen 0.57/turn                (no ring)

@: sanguine armoured, animating dead
A: antennae 2, ignite blood 1, powered by death 1, sanguine armour 2
a: Renounce Religion, Fiery Armour, Foxfire Swarm, Rising Flame


You were on level 11 of the Dungeon.
You worshipped Ignis.
Ignis was extremely pleased with you.
You visited 1 branch of the dungeon, and saw 11 of its levels.
You also visited: Bailey.

You collected 900 gold pieces.

Inventory:

Hand Weapons
 b - the +8 longbow "Zephyr" (weapon) {speed, Dex+3 SInv}
   (You found it in a bailey)

   Attacks with this weapon are significantly faster.
   Dex:       It affects your dexterity (+3).
   SInv:      It lets you see invisible.
 F - a +4 spear
 I - a +2 halberd
 K - a +2 trident of freezing
Missiles
 t - 61 poisoned darts
 B - 6 throwing nets
 H - a curare-tipped dart
Armour
 s - a +0 pair of boots (worn)
 C - a +3 leather armour (worn)
 E - a scarf of resistance (worn)
 G - a +0 pair of gloves (worn)
 J - the +4 chain mail of Defence {Rampage Fly Int+6}
   (You found it in a bailey)

   Int:       It affects your intelligence (+6).
   Fly:       It grants you flight.
   Rampage:   It bestows one free step when moving towards enemies.
Magical Staves
 a - a staff of fire
Jewellery
 p - an amulet of magic regeneration (around neck)
 M - an amulet of regeneration
 N - a ring of ice
Wands
 j - a wand of flame (26)
 y - a wand of polymorph (13)
 Q - a wand of digging (5)
Scrolls
 c - a scroll of fog {unknown}
 f - 2 scrolls of amnesia
 i - 2 scrolls of magic mapping
 l - 3 scrolls of immolation
 m - 8 scrolls of noise
 n - a scroll of summoning
 r - 8 scrolls of identify
 u - 5 scrolls of fear
 v - 13 scrolls of teleportation
 w - a scroll of enchant weapon {unknown}
 x - 2 scrolls of poison {unknown}
 A - 2 scrolls of enchant armour {unknown}
 L - a scroll of torment {unknown}
Potions
 d - 2 potions of heal wounds {unknown}
 e - 3 potions of curing
 g - 5 potions of degeneration
 h - 2 potions of berserk rage {unknown}
 k - 2 potions of haste
 o - 5 potions of flight
 q - 2 potions of attraction {unknown}
 z - a potion of invisibility {unknown}
 D - 2 potions of resistance {unknown}
 O - a potion of mutation {unknown}
 P - a potion of ambrosia {unknown}


   Skills:
 + Level 6.3 Fighting
 - Level 7.2 Polearms
 - Level 4.0 Armour
 + Level 7.2 Spellcasting
 - Level 4.0 Conjurations
 + Level 11.1 Necromancy
 - Level 9.0 Fire Magic
 - Level 3.0 Poison Magic


You had 7 spell levels left.
You knew the following spells:

 Your Spells              Type           Power      Damage    Failure   Level
a - Scorch                Fire           76%        2d9       1%          2
b - Animate Dead          Necr           46%        N/A       1%          4
c - Mephitic Cloud        Conj/Pois/Air  14%        N/A       14%         3
d - Swiftness             Air            6%         N/A       36%         3
e - Borgnjor's Vile Clut  Necr/Erth      13%        N/A       34%         5

Your spell library contained the following spells:

 Spells                   Type           Power      Damage    Failure   Level
 Magic Dart               Conj           80%        1d7       2%          1
 Shock                    Conj/Air       52%        1d6       5%          1
 Call Imp                 Summ           6%         N/A       19%         2
 Death Channel            Necr           23%        N/A       21%         6
 Confusing Touch          Hex            6%         N/A       36%         3
 Frozen Ramparts          Ice            12%        1d2       36%         3
 Airstrike                Air            3%         2d(1-17)  77%         4
 Ice Form                 Ice/Tmut       6%         N/A       77%         4
 Passage of Golubria      Tloc           6%         N/A       77%         4
 Summon Ice Beast         Ice/Summ       6%         N/A       77%         4
 Irradiate                Conj/Tmut      6%         3d13      83%         5
 Blade Hands              Tmut           3%         N/A       98%         5
 Silence                  Hex/Air        3%         N/A       98%         5
 Yara's Violent Unravell  Hex/Tmut       3%         3d4       98%         5
 Dragon Form              Tmut           3%         N/A       100%        7
 Enfeeble                 Hex            3%         N/A       100%        7
 Haunt                    Necr/Summ      13%        N/A       100%        7
 Infestation              Necr           23%        N/A       100%        8
 Lehudib's Crystal Spear  Conj/Erth      6%         10d3      100%        8


Dungeon Overview and Level Annotations

Branches:
Dungeon (11/15)            Temple (0/1) D:5            Lair (0/5) D:10
 Bailey (visited)
    Orc: D:9-12

Altars:
Makhleb
Okawaru
Ru
Trog

Annotations:
D:2 exclusion: downstairs
D:5 1 runed translucent door, Crazy Yiuf
D:6 exclusion: downstairs
D:9 2 transporters, ravioli's ghost, journeyman OpSu
D:10 1 runed translucent door, ytrimaz's ghost, novice OpTm


Innate Abilities, Weirdness & Mutations

You have a pair of antennae on your head.
Your demonic aura sometimes causes spilled blood to erupt in flames.
You regenerate a little health from kills.
When seriously injured, your blood forms thick armour. (AC +9)


Message History

You swap places.
You feel sick.
The yaktaur unwields a +0 arbalest.
The yaktaur hits you but does no damage.
Fire: b) +8 longbow "Zephyr" {speed, Dex+3 SInv}
Press: ? - help, Q - select action, (/) - cycle Shift-Dir - straight line, f/p - yaktaur
Aim: a yaktaur (lightly wounded, ally target, 85% to hit)
You shoot an arrow. The arrow hits the yaktaur.
The yaktaur is lightly wounded.
You feel sick.
A yaktaur comes into view. It is quivering poisoned darts.
The yaktaur hits you but does no damage.
Fire: b) +8 longbow "Zephyr" {speed, Dex+3 SInv}
Press: ? - help, Q - select action, (/) - cycle Shift-Dir - straight line, f/p - yaktaur
Aim: a yaktaur (lightly wounded, ally target, 85% to hit)
You shoot an arrow. The arrow hits the yaktaur.
The yaktaur is lightly wounded.
You feel sick.
The yaktaur is engulfed in blazing flames.
The yaktaur hits you but does no damage.
Fire: b) +8 longbow "Zephyr" {speed, Dex+3 SInv}
Press: ? - help, Q - select action, (/) - cycle Shift-Dir - straight line, f/p - yaktaur
Aim: a yaktaur (flame, moderately wounded, ally target, 85% to hit)
You shoot an arrow.
The arrow hits the yaktaur but does no damage.
The yaktaur is moderately wounded.
You feel sick.
You are no longer poisoned.
The yaktaur is engulfed in blazing flames.
The yaktaur barely misses you.
A yaktaur comes into view.
The yaktaur wields a +0 arbalest.
The yaktaur shoots a bolt.
The bolt hits you!!
* * * LOW HITPOINT WARNING * * *
The yaktaur is engulfed in blazing flames.
The yaktaur hits you but does no damage.
Fire: b) +8 longbow "Zephyr" {speed, Dex+3 SInv}
Press: ? - help, Q - select action, (/) - cycle Shift-Dir - straight line, f/p - yaktaur
Aim: a yaktaur (flame, severely wounded, ally target, 85% to hit)
You shoot an arrow. The arrow barely misses the yaktaur.
The yaktaur shoots a bolt.
The bolt hits you!!
You die...

#...........# #...
#.####..###.# #...
.####.. #.# #..# #.#
#... ....... #.# #..#
#.# #... ...... #.#
#..# #.###... ..... #.#
#..###....... #..> #Z#
#..<......... #... #Z#
#....(..##... #...###@#
#..##...##...
#....ccâ—‹#
#..##...##.##
#.....c.####..##.).##.
#..####.......##..)##.#
#Y. #.......##...##.#
... #.####..##...##.#
.... #.# #.......##.#
.... #.# #.......##.#
.Y## #.# #..##...##.#


You could see 3 yaktaurs, a yak, a friendly killer bee zombie and a friendly
howler monkey zombie.

Vanquished Creatures
  A two-headed ogre (D:11)
  An elephant (D:10)
  2 manticores (D:9)
  An unseen horror (D:11)
  A troll (D:9)
  A hornet (D:9)
  A shadow (D:11)
  A wyvern (D:9)
  A golden eye (D:7)
  27 yaks
  A vampire (D:9)
  4 steam dragons
  2 water moccasins (D:6)
  3 black bears
  3 orc warriors
  An ice beast (D:8)
  5 hornet zombies (D:7)
  6 wolves (Bailey)
  An ogre (D:7)
  4 centaurs
  4 lemures
  3 phantoms
  3 kobold brigands
  A necrophage (D:4)
  2 bullfrogs
  2 wyvern zombies (D:7)
  10 gnoll sergeants
  3 scorpions
  11 wights
  2 killer bees (D:11)
  2 howler monkeys (D:11)
  A bullfrog zombie (D:7)
  3 centaur zombies (D:7)
  2 hounds (Bailey)
  10 orc priests
  A jelly (D:6)
  5 gnoll boudas
  5 iguanas
  12 orc wizards
  2 killer bee zombies (D:7)
  A howler monkey zombie (D:7)
  3 adders
  19 gnolls
  3 shadow imps (D:7)
  2 white imps (D:6)
  An ufetubus (D:5)
  An orc zombie (D:9)
  5 dart slugs
  32 orcs
  4 bats
  7 endoplasms
  3 giant cockroaches
  A hobgoblin (D:4)
  2 jackals (D:1)
  2 quokkas
  3 ball pythons
  2 frilled lizards (D:2)
  2 gnoll zombies (Bailey)
  8 goblins
  24 kobolds
  5 rats
281 creatures vanquished.

Vanquished Creatures (collateral kills)
  A death yak (D:10)
  A two-headed ogre (D:9)
  2 yaks
  An orc wizard (D:9)
  3 gnolls (Bailey)
8 creatures vanquished.

Vanquished Creatures (others)
  A troll zombie (D:9)
  A killer bee (D:11)
  2 wolf zombies (Bailey)
  A centaur zombie (D:9)
  A black bear zombie (D:10)
  An orc wizard (D:9)
  A killer bee zombie (D:11)
  5 gnoll zombies (Bailey)
  4 orc zombies (D:9)
  A fungus (D:8)
  18 plants (D:7)
  5 withered plants (D:7)
41 creatures vanquished.

Grand Total: 330 creatures vanquished

Notes
Turn   | Place    | Note
-------+----------+-------------------------------------------
     0 | D:1      | ragingrage the Demonspawn Cinder Acolyte began the quest
                  | for the Orb.
     0 | D:1      | Reached XP level 1. HP: 18/18 MP: 2/2
   530 | D:1      | Gained mutation: When seriously injured, your blood forms
                  | armour. (AC +9) [demonic ancestry]
   530 | D:1      | Reached XP level 2. HP: 24/24 MP: 3/3
  1328 | D:2      | You fall into a shaft and drop 1 floor!
  1524 | D:2      | Learned a level 2 spell: Scorch
  1583 | D:2      | Reached XP level 3. HP: 25/29 MP: 4/4
  1653 | D:2      | Found a bloodstained altar of Trog.
  2259 | D:3      | Noticed a black bear
  2444 | D:4      | Gained mutation: You have a pair of small antennae on your
                  | head. [demonic ancestry]
  2444 | D:4      | Reached XP level 4. HP: 31/35 MP: 1/5
  2787 | D:4      | Gained mutation: You have a pair of antennae on your head.
                  | [demonic ancestry]
  2787 | D:4      | Reached XP level 5. HP: 34/41 MP: 1/6
  3030 | D:4      | Reached XP level 6. HP: 15/47 MP: 2/7
  3376 | D:4      | Reached skill level 5 in Polearms
  3376 | D:4      | Reached skill level 5 in Fire Magic
  3884 | D:4      | Gained mutation: Your demonic aura sometimes causes spilled
                  | blood to erupt in flames. [demonic ancestry]
  3884 | D:4      | Reached XP level 7. HP: 35/52 MP: 4/8
  4380 | D:5      | Entered Level 5 of the Dungeon
  4397 | D:5      | Found an iron altar of Okawaru.
  4527 | D:5      | Found a runed translucent door.
  4528 | D:5      | Noticed Crazy Yiuf
  4818 | D:5      | Noticed a yak
  4818 | D:5      | Noticed a yak
  4848 | D:4      | Killed a yak
  5068 | D:5      | Killed a yak
  5069 | D:5      | Gained mutation: When seriously injured, your blood forms
                  | thick armour. (AC +9) [demonic ancestry]
  5069 | D:5      | Reached XP level 8. HP: 13/58 MP: 2/9
  5638 | D:5      | Found a staircase to the Ecumenical Temple.
  6217 | D:5      | Learned a level 4 spell: Animate Dead
  6452 | D:5      | Reached skill level 1 in Necromancy
  6924 | D:6      | Reached skill level 2 in Necromancy
  6946 | D:6      | Learned a level 3 spell: Mephitic Cloud
  7402 | D:6      | Reached skill level 1 in Conjurations
  7402 | D:6      | Reached skill level 1 in Poison Magic
  7470 | D:5      | Reached skill level 3 in Necromancy
  7470 | D:5      | Gained mutation: You regenerate a little health from kills.
                  | [demonic ancestry]
  7470 | D:5      | Reached XP level 9. HP: 49/63 MP: 4/13
  8872 | D:7      | Noticed Pikel
  8983 | D:6      | Reached skill level 4 in Necromancy
  9156 | D:7      | Pikel changed into Pikel the golden eye
  9156 | D:7      | Noticed Pikel
  9849 | D:7      | Reached skill level 5 in Necromancy
  9985 | D:7      | Reached XP level 10. HP: 60/70 MP: 8/16
 10160 | D:7      | Found a burning altar of Makhleb.
 10425 | D:7      | Killed Pikel the golden eye
 10870 | D:8      | Found a sacrificial altar of Ru.
 10908 | D:8      | Found a flagged portal.
 10927 | D:8      | Reached skill level 5 in Spellcasting
 10927 | D:8      | Reached skill level 6 in Necromancy
 11039 | Bailey   | Entered a bailey
 11197 | Bailey   | Reached skill level 7 in Necromancy
 11579 | Bailey   | Reached skill level 8 in Necromancy
 11598 | Bailey   | Found the +8 longbow "Zephyr" {speed, Dex+3 SInv}
 11601 | Bailey   | Identified the +4 chain mail of Defence {Rampage Fly Int+6}
 11676 | Bailey   | Reached skill level 9 in Necromancy
 12007 | D:8      | Learned a level 3 spell: Swiftness
 12750 | D:9      | Found a transporter.
 12755 | D:9      | Noticed ravioli's ghost (journeyman OpSu)
 12759 | D:9      | Noticed a moth of wrath
 12771 | D:9      | Found a transporter.
 12795 | D:9      | Reached skill level 1 in Armour
 12818 | D:9      | Reached XP level 11. HP: 17/76 MP: 6/19
 13809 | D:9      | Noticed a centaur warrior
 14493 | D:9      | Reached skill level 10 in Necromancy
 14739 | D:9      | Noticed a two-headed ogre
 14748 | D:9      | Killed a two-headed ogre
 15190 | D:10     | Entered Level 10 of the Dungeon
 15212 | D:10     | Found a runed translucent door.
 15212 | D:10     | Noticed ytrimaz's ghost (novice OpTm)
 15328 | D:10     | Reached skill level 5 in Fighting
 15343 | D:10     | Found a staircase to the Lair.
 15343 | D:10     | Noticed a death yak
 15356 | D:10     | Killed a death yak
 16451 | D:11     | Learned a level 5 spell: Borgnjor's Vile Clutch
 16813 | D:11     | Noticed a two-headed ogre
 16818 | D:11     | Killed a two-headed ogre
 16819 | D:11     | Reached skill level 11 in Necromancy
 16906 | D:11     | Shot with a bolt by a yaktaur

Illustrated notes

Levels and vault maps discovered:
D:1:      amcnicky_arrival_flooded_fountain, layout_basic, nrook_uturn
D:2:      layout_rooms, basic_altar
D:3:      layout_rooms
D:4:      layout_gridville, kennysheep_orc_chapel
D:5:      layout_loops_ring, okawaru_trees_1, minmay_temple_entry_mini_moons,
          uniq_crazy_yiuf_cottage
D:6:      layout_basic
D:7:      layout_cave_pools, mainiacjoe_overflow_cross_hatched, serial_undead,
          serial_undead_c, serial_undead_b, serial_undead_e, serial_undead_d,
          serial_undead_c, serial_undead_a, serial_undead_a, minmay_door_square,
          uniq_pikel
D:8:      layout_loops_corners, nicolae_ru_the_path_less_chosen, enter_bailey_2,
          dk_noncrumbling_4, solitary_fountain, palyth_stone_intersect,
          serial_bayou_pond_a
D:9:      minmay_opposing_rooms, layout_irregular_city,
          gammafunk_ghost_berserking_beasts, minmay_tree_intersection,
          minmay_crystal_water, hangedman_decor_lopped
D:10:     layout_loops_ring, david_lair_generic, hellmonk_ghost_happy_afterlife
D:11:     layout_long_grid

Skill      XL: |  1  2  3  4  5  6  7  8  9 10 11 |
---------------+----------------------------------+-----
Polearms       | 3 4 5 6 7 |  7.2
Fire Magic     | 3 4 5 6 7 8 9 |  9.0
Necromancy     | 3 5 9 11 | 11.1
Spellcasting   | 2 4 5 7 |  7.2
Conjurations   | 1 4 |  4.0
Poison Magic   | 1 3 |  3.0
Armour         | 1 4 |  4.0
Fighting       | 6 |  6.3

Action                   |  1- 3 |  4- 6 |  7- 9 | 10-12 || total
-------------------------+-------+-------+-------+-------++-------
Melee: Spear             |   149 |    23 |       |       ||   172
       War axe           |       |    41 |    83 |       ||   124
       Punch             |       |     2 |     2 |       ||     4
       Trident           |       |       |     2 |     6 ||     8
       Staff             |       |       |       |    47 ||    47
 Fire: Longbow           |       |       |       |   156 ||   156
Throw: Dart              |       |       |       |     7 ||     7
 Cast: Scorch            |    15 |    41 |   167 |   213 ||   436
       Animate Dead      |       |       |       |    11 ||    11
       Mephitic Cloud    |       |       |       |     3 ||     3
Evoke: Wand              |       |       |     1 |     1 ||     2
  Use: Scroll            |       |       |     2 |    12 ||    14
       Potion            |       |       |       |     4 ||     4
Armor: Robe              |    14 |       |       |       ||    14
       Ring mail         |    40 |    44 |       |       ||    84
       Leather armour    |       |       |    87 |   128 ||   215
       Skin              |       |       |       |    11 ||    11
Dodge: Dodged            |    74 |    32 |   139 |   162 ||   407

Table legend: (Time is in decaauts)
 A = Elapsed time spent in this place.
 B = Non-inter-level travel time spent in this place.
 C = Inter-level travel time spent in this place.
 D = Time resting spent in this place.
 E = Time spent auto-exploring this place.
 F = Levels seen in this place.
 G = Mean time per level.
                   A        B        C        D        E       F      G
               +--------+--------+--------+--------+--------+-----+--------+
         Total |  16957 |  16149 |    808 |   5192 |   8115 |  12 | 1413.1 |
       Dungeon |  16118 |  15310 |    808 |   4811 |   7962 |  11 | 1465.3 |
        Bailey |    838 |    838 |      0 |    381 |    153 |   1 |  838.0 |
               +--------+--------+--------+--------+--------+-----+--------+

Top non-repeatable levels by time:
     D:9: 2465 daAuts
     D:4: 2351 daAuts
     D:6: 2309 daAuts
     D:5: 2051 daAuts
     D:7: 1450 daAuts
     D:1: 1324 daAuts
     D:8: 1265 daAuts
    D:10: 1224 daAuts
  Bailey: 838 daAuts
     D:3: 609 daAuts
     D:2: 565 daAuts
    D:11: 501 daAuts
